[Event "Titled Tuesday Blitz July 4 Early 2023"]
[White "Radzhabov, Rodion"]
[Black "musclemonster12"]
[WhiteFideId "884715"]
[WhiteElo "2663"]
[BlackElo "2514"]
[Result "1-0"]
[Round "9"]
[TimeControl "180+2"]
[Date "2023.07.04"]
[WhiteClock "0:00:03"]
[BlackClock "0:00:12"]
[Board "66"]

1. e4 c5 2. Nf3 d6 3. d4 cxd4 4. Qxd4 Nc6 5. Bb5 Bd7 6. Bxc6 Bxc6 7. Nc3 Nf6 8. Bg5 e6 9. O-O-O Be7 10. Qd3 Qa5 11. h4 Qa6 12. Qxa6 bxa6 13. Bxf6 gxf6 14. Nd4 Bb7 15. f4 Rg8 16. f5 Kd7 17. Rd2 Rg4 18. Nb3 Kc7 19. Nd4 Kd7 20. Re1 Rag8 21. Nb3 Kc7 22. Nd4 Bc8 23. Ree2 Bf8 24. Kb1 Bh6 25. Rd3 Rxg2 26. Rxg2 Rxg2 27. a4 Bf4 28. Nce2 Be5 29. Rc3+ Kd8 30. Nc6+ Kd7 31. Nxe5+ fxe5 32. Ng3 Bb7 33. Nh5 f6 34. Nxf6+ Ke7 35. Rc7+ Kxf6 36. Rxb7 exf5 37. exf5 e4 38. Rd7 Kxf5 39. Re7 Kf4 40. c4 e3 41. b4 e2 42. Kc1 Kf3 43. Kd2 Rg4 44. c5 dxc5 45. bxc5 Rxa4 46. c6 Ra2+ 47. Kd3 Ra3+ 48. Kd2 Ra2+ 49. Kd3 Ra1 50. c7 Rd1+ 51. Kc2 Rd7 52. Rxd7 e1=Q 53. c8=Q Qe2+ 54. Rd2 1-0


[Site "https://www.chess.com"]

[Event "Titled Tuesday Blitz July 4 Early 2023"]
[White "Fiedorek, Michal"]
[Black "Ahmad, Khagan"]
[WhiteFideId "1199528"]
[BlackFideId "13431552"]
[WhiteElo "2481"]
[BlackElo "2657"]
[Result "0-1"]
[Round "9"]
[TimeControl "180+2"]
[Date "2023.07.04"]
[WhiteClock "0:00:00"]
[BlackClock "0:00:01"]
[Board "67"]

1. e4 c5 2. Nf3 d6 3. Bb5+ Bd7 4. Bxd7+ Qxd7 5. c4 e5 6. O-O Be7 7. Nc3 Bd8 8. Ne1 Ne7 9. Nc2 Nbc6 10. d3 Ba5 11. Ne3 Bxc3 12. bxc3 O-O 13. Nd5 Nxd5 14. cxd5 Ne7 15. f4 exf4 16. Bxf4 f5 17. c4 Ng6 18. Qd2 fxe4 19. dxe4 Nxf4 20. Rxf4 Qe7 21. Raf1 Rxf4 22. Qxf4 Rf8 23. Qxf8+ Qxf8 24. Rxf8+ Kxf8 25. Kf2 Ke7 26. Ke3 Kf6 27. Kf4 g5+ 28. Ke3 Ke5 29. a4 g4 30. a5 a6 31. h3 gxh3 32. gxh3 h6 33. h4 h5 34. Kf3 Kd4 35. Kf4 Kxc4 36. Kf5 Kd4 37. e5 c4 38. exd6 c3 39. d7 c2 40. d8=Q c1=Q 41. Qf6+ Kc5 42. Qf8+ Kb5 43. Qe8+ Kxa5 44. d6 Qf1+ 45. Ke6 Qe2+ 46. Kd7 Qb5+ 47. Kd8 Qb6+ 48. Ke7 Qe3+ 49. Kf7 Qf4+ 50. Ke6 Qe4+ 51. Kd7 Qc6+ 52. Ke7 Qe4+ 53. Kd8 Qxh4+ 54. Qe7 Qd4 55. d7 Kb6 56. Qe6+ Ka7 57. Ke7 Qg7+ 58. Ke8 Qh8+ 59. Ke7 Qg7+ 60. Qf7 Qe5+ 61. Kd8 Kb8 62. Qf8 h4 63. Qb4 Qf6+ 0-1


[Site "https://www.chess.com"]

[Event "Titled Tuesday Blitz July 4 Early 2023"]
[White "Heinemann, Josefine"]
[Black "Hilary46"]
[WhiteFideId "12900460"]
[WhiteElo "2477"]
[BlackElo "2641"]
[Result "0-1"]
[Round "9"]
[TimeControl "180+2"]
[Date "2023.07.04"]
[WhiteClock "0:00:44"]
[BlackClock "0:00:53"]
[Board "68"]

1. Nf3 d5 2. d4 Nf6 3. g3 c6 4. Bg2 Bg4 5. O-O Nbd7 6. a4 e6 7. a5 Bd6 8. Nbd2 O-O 9. b3 e5 10. dxe5 Nxe5 11. Bb2 Re8 12. Nxe5 Bxe5 13. Bxe5 Rxe5 14. Nf3 Re8 15. a6 b6 16. e3 Qd6 17. Qd3 Ne4 18. Nd4 Bd7 19. Rad1 Rad8 20. h4 c5 21. Nf3 Bf5 22. Rfe1 Nxg3 23. Qc3 Ne4 24. Qb2 Bg4 25. c4 Qg6 26. Kf1 Qh5 27. Ke2 d4 28. Rd3 Nc3+ 29. Rxc3 dxc3 30. Qxc3 Rd6 31. Ra1 Rf6 0-1


[Site "https://www.chess.com"]

[Event "Titled Tuesday Blitz July 4 Early 2023"]
[White "Souleidis, Georgios"]
[Black "Ai, Evan"]
[WhiteFideId "4206827"]
[BlackFideId "2094770"]
[WhiteElo "2639"]
[BlackElo "2458"]
[Result "1-0"]
[Round "9"]
[TimeControl "180+2"]
[Date "2023.07.04"]
[WhiteClock "0:01:04"]
[BlackClock "0:00:13"]
[Board "69"]

1. e4 e5 2. Nc3 Nf6 3. d4 exd4 4. Qxd4 Nc6 5. Qd3 Bb4 6. Bd2 d6 7. O-O-O Be6 8. Kb1 O-O 9. f4 a6 10. f5 Ne5 11. Qh3 Bc4 12. Nge2 b5 13. Bg5 h6 14. Bh4 Bxe2 15. Nxe2 Ned7 16. Nf4 Qe8 17. Bd3 Nxe4 18. Nd5 Qe5 19. Nxb4 Ndc5 20. Nc6 Qe8 21. Ne7+ Kh8 22. Bxe4 Nxe4 23. Rhe1 1-0


[Site "https://www.chess.com"]

[Event "Titled Tuesday Blitz July 4 Early 2023"]
[White "Melikhov, Evgeny V."]
[Black "chess123456s"]
[WhiteFideId "4122046"]
[WhiteElo "2406"]
[BlackElo "2630"]
[Result "1-0"]
[Round "9"]
[TimeControl "180+2"]
[Date "2023.07.04"]
[WhiteClock "0:00:05"]
[BlackClock "0:00:06"]
[Board "70"]

1. d4 Nf6 2. c4 e6 3. Nc3 Bb4 4. Qc2 d5 5. cxd5 Qxd5 6. e3 c5 7. Bd2 Bxc3 8. Bxc3 cxd4 9. Bxd4 Nc6 10. Bxf6 gxf6 11. Ne2 e5 12. Nc3 Qa5 13. a3 Be6 14. Rd1 O-O 15. Bd3 h6 16. Qe2 Ne7 17. Qh5 Kg7 18. O-O Rad8 19. f4 Qb6 20. Qf3 Nd5 21. Nxd5 Bxd5 22. Qg4+ Kh8 23. Qf5 e4 24. Bb1 Qxe3+ 25. Kh1 Bc6 26. Qxf6+ Kh7 27. Rxd8 Rxd8 28. Qxd8 Qe2 29. Qd1 Qxb2 30. Re1 f5 31. Qe2 Qxa3 32. Qe3 Qb4 33. g4 Kg6 34. gxf5+ Kxf5 35. Kg2 Qc4 36. Kh3 Qe6 37. Qg3 Kf6+ 38. Qg4 Qb3+ 39. Kh4 Qc3 40. Rg1 Kf7 41. Qg8+ Ke7 42. Qg7+ Qxg7 43. Rxg7+ Kf6 44. Rg8 Kf5 45. Kg3 a5 46. Rf8+ Ke6 47. Kf2 a4 48. Ke3 b5 49. Bxe4 Bd7 50. Rb8 Kd6 51. f5 Kc7 52. Rb7+ Kd6 53. f6 Be6 54. Rxb5 a3 55. Ra5 a2 56. Kf4 h5 57. h4 Kc7 58. Kg5 Kb6 59. Ra3 Kb5 60. Bg6 Kb4 61. Rxa2 Bxa2 62. f7 Bb3 63. f8=Q+ Kc3 64. Qf6+ Kb4 65. Bxh5 Ka3 66. Bg6 Ka2 67. Bf7 Ka3 68. Bxb3 Kb4 69. Qd6+ Ka5 70. Qc5+ Ka6 71. Qb4 Ka7 72. Bc4 Ka8 73. Bd5+ Ka7 74. Qb7# 1-0


[Site "https://www.chess.com"]

[Event "Titled Tuesday Blitz July 4 Early 2023"]
[White "Karttunen, Mika"]
[Black "FromTexas54"]
[WhiteFideId "502081"]
[WhiteElo "2606"]
[BlackElo "2429"]
[Result "1/2-1/2"]
[Round "9"]
[TimeControl "180+2"]
[Date "2023.07.04"]
[WhiteClock "0:00:22"]
[BlackClock "0:00:08"]
[Board "71"]

1. d4 Nf6 2. c4 g6 3. f3 Bg7 4. e4 d6 5. Nc3 O-O 6. Be3 Nc6 7. Nge2 a6 8. d5 Ne5 9. Ng3 c6 10. Be2 b5 11. cxb5 cxd5 12. exd5 axb5 13. Bxb5 Qa5 14. O-O Ba6 15. a4 Bxb5 16. axb5 Qb4 17. Ra4 Qxb2 18. Nge2 h5 19. Qb1 Qxb1 20. Rxb1 Rxa4 21. Nxa4 Nxd5 22. Bd4 Nc4 23. b6 Bxd4+ 24. Nxd4 Ndxb6 25. Rxb6 Nxb6 26. Nxb6 Rb8 27. Nd5 Rb1+ 28. Kf2 Rd1 29. Nxe7+ Kf8 30. Nec6 Ra1 31. Ne2 Ke8 32. Nb4 Kd7 33. Nd5 Ra5 34. Ndc3 Ra3 35. Ke3 Ke6 36. Kd3 g5 37. g3 f5 38. h3 Kf6 39. Nd4 Ra1 40. Nd5+ Ke5 41. Nc3 Rh1 42. Nde2 Rxh3 43. Kd2 f4 44. gxf4+ gxf4 45. Ng1 Rg3 46. Nce2 Rg2 47. Ke1 d5 48. Kf1 Rg8 49. Nc1 Kd4 50. Kf2 Ra8 51. Nge2+ Ke5 52. Nd3+ Kf5 53. Ndxf4 Ra2 54. Nxd5 h4 55. Ne3+ Kg5 56. Ng4 Rb2 57. Nh2 h3 58. f4+ Kf5 59. Kf3 Rxe2 60. Kxe2 Kxf4 61. Kf2 Kf5 62. Kg3 Kg6 63. Kxh3 1/2-1/2


[Site "https://www.chess.com"]

[Event "Titled Tuesday Blitz July 4 Early 2023"]
[White "Pasti, Aron"]
[Black "MAHanif"]
[WhiteFideId "785857"]
[WhiteElo "2574"]
[BlackElo "2382"]
[Result "1-0"]
[Round "9"]
[TimeControl "180+2"]
[Date "2023.07.04"]
[WhiteClock "0:00:25"]
[BlackClock "0:00:04"]
[Board "72"]

1. e4 c5 2. Nf3 Nc6 3. d4 cxd4 4. Nxd4 g6 5. c4 Bg7 6. Be3 Nf6 7. Nc3 O-O 8. Be2 e6 9. O-O d5 10. exd5 exd5 11. c5 Re8 12. Ndb5 Bf8 13. Bg5 d4 14. Bxf6 Qxf6 15. Nd5 Qe5 16. Nbc7 Rd8 17. f4 Qg7 18. Nxa8 Rxd5 19. Nc7 Rxc5 20. Ne8 Qh6 21. Nf6+ Kg7 22. Ne4 Rd5 23. Bc4 Rd8 24. Ng5 Rd7 25. Rc1 Re7 26. Bb5 f6 27. Bxc6 bxc6 28. Qxd4 Qh4 29. Rxc6 Qg4 30. Qxf6+ Kg8 31. Rd6 Qf5 32. Qxf5 Bxf5 33. Rd8 Kg7 34. Nxh7 Kxh7 35. Rxf8 Rb7 36. b3 Rd7 37. h3 Rd2 38. Rf2 Rd1+ 39. Kh2 Rd4 40. g4 1-0


[Site "https://www.chess.com"]

[Event "Titled Tuesday Blitz July 4 Early 2023"]
[White "Prieto Aranguren, Alain"]
[Black "Ambartsumova, Karina"]
[WhiteFideId "2268906"]
[BlackFideId "4166299"]
[WhiteElo "2365"]
[BlackElo "2566"]
[Result "0-1"]
[Round "9"]
[TimeControl "180+2"]
[Date "2023.07.04"]
[WhiteClock "0:01:26"]
[BlackClock "0:00:45"]
[Board "73"]

1. d4 Nf6 2. c4 g6 3. Nc3 Bg7 4. e4 O-O 5. Be2 d6 6. Nf3 e5 7. dxe5 dxe5 8. Qxd8 Rxd8 9. Bg5 Re8 10. Nd5 Nxd5 11. cxd5 c6 12. Bc4 b5 13. Bb3 Bd7 14. dxc6 Bxc6 15. Nd2 Nd7 16. Rc1 Rac8 17. O-O a5 18. Rfd1 a4 19. Bd5 Bxd5 20. exd5 f5 21. d6 e4 22. Rc7 Rxc7 23. dxc7 Rc8 24. Bd8 Nc5 25. b4 Ne6 26. Nb1 Nxc7 27. Na3 Bb2 28. Bxc7 Bxa3 29. Bd6 Rc1 30. Rxc1 Bxc1 31. Kf1 Kf7 32. Ke2 Ke6 33. Bc5 Kd5 34. Kd1 Ba3 35. Kc2 Kc4 36. Be3 Bxb4 37. h3 Bc3 38. a3 Bd4 0-1


[Site "https://www.chess.com"]

[Event "Titled Tuesday Blitz July 4 Early 2023"]
[White "Parpiev, Isaak"]
[Black "Andreassen, Lars"]
[WhiteFideId "34281576"]
[BlackFideId "1504878"]
[WhiteElo "2562"]
[BlackElo "2278"]
[Result "1-0"]
[Round "9"]
[TimeControl "180+2"]
[Date "2023.07.04"]
[WhiteClock "0:02:03"]
[BlackClock "0:00:41"]
[Board "74"]

1. Nf3 d5 2. b3 Nf6 3. Bb2 g6 4. c4 c6 5. e3 Bg7 6. Qc2 O-O 7. d3 Bf5 8. Nbd2 Na6 9. e4 dxe4 10. dxe4 Nb4 11. Qb1 Bg4 12. Be2 Bxf3 13. Nxf3 Nd3+ 14. Qxd3 1-0


[Site "https://www.chess.com"]

[Event "Titled Tuesday Blitz July 4 Early 2023"]
[White "Kovacevic, Radmila"]
[Black "Howell, David W L"]
[WhiteFideId "933171"]
[BlackFideId "410608"]
[WhiteElo "2251"]
[BlackElo "2995"]
[Result "0-1"]
[Round "9"]
[TimeControl "180+2"]
[Date "2023.07.04"]
[WhiteClock "0:00:10"]
[BlackClock "0:00:29"]
[Board "75"]

1. e4 c5 2. Nf3 d6 3. d4 cxd4 4. Nxd4 Nf6 5. Nc3 Nc6 6. Nb3 g6 7. h3 Bg7 8. a3 O-O 9. Be3 Be6 10. Bd3 d5 11. exd5 Nxd5 12. Bd2 Nxc3 13. Bxc3 Bxc3+ 14. bxc3 Ne5 15. Nd4 Qc7 16. O-O Bd5 17. Qe1 a6 18. Be4 Rfd8 19. Bxd5 Rxd5 20. Qe4 e6 21. f4 Nc4 22. Rad1 Nd6 23. Qf3 Rc8 24. Rd3 b5 25. Re1 Qb6 26. Kh1 Rd8 27. Nxe6 fxe6 28. Rxd5 exd5 29. Qxd5+ Nf7 30. Qe4 Qf6 31. c4 Kg7 32. cxb5 axb5 33. Qb7 Qxf4 34. Qxb5 Rb8 35. Qa6 Qd6 36. Rf1 Qxa6 0-1


[Site "https://www.chess.com"]

[Event "Titled Tuesday Blitz July 4 Early 2023"]
[White "Ashraf, Artin"]
[Black "Rottenwohrer Suarez, Juan"]
[WhiteFideId "22514805"]
[BlackFideId "32068182"]
[WhiteElo "2725"]
[BlackElo "2518"]
[Result "0-1"]
[Round "9"]
[TimeControl "180+2"]
[Date "2023.07.04"]
[WhiteClock "0:00:00"]
[BlackClock "0:00:07"]
[Board "76"]

1. e4 c5 2. Nf3 g6 3. c3 d5 4. e5 Bg4 5. Qa4+ Qd7 6. Bb5 Nc6 7. d4 Bxf3 8. gxf3 Bh6 9. f4 cxd4 10. cxd4 e6 11. Bxc6 Qxc6 12. Qxc6+ bxc6 13. Be3 Rb8 14. b3 Ne7 15. Nc3 O-O 16. Na4 Rb4 17. Ke2 Rfb8 18. Rac1 Bf8 19. Rc2 Rc8 20. Rd1 h5 21. Rd3 Kg7 22. Bd2 Rbb8 23. Rdc3 Nf5 24. Be3 Rb4 25. Kd3 c5 26. Nxc5 Bxc5 27. Rxc5 Rcb8 28. Rc7 R8b7 29. Rxb7 Rxb7 30. Bd2 Nh4 31. Ke2 Nf5 32. Kd3 Nh4 33. Ba5 Ng2 34. Bd8 Nxf4+ 35. Ke3 Ng2+ 36. Kd2 g5 37. Bxg5 Kg6 38. h4 Kf5 39. Kd3 Kg4 40. Rc1 Kf3 41. Bf6 Nf4+ 42. Kd2 Kxf2 43. Rc8 Kf3 44. Rg8 Ke4 45. Kc3 Ne2+ 46. Kd2 Nxd4 47. Rg5 Nf3+ 48. Ke2 Nxg5 49. hxg5 Rc7 0-1


[Site "https://www.chess.com"]

[Event "Titled Tuesday Blitz July 4 Early 2023"]
[White "Deng, Henry"]
[Black "Matamoros Franco, Carlos S."]
[WhiteFideId "30965454"]
[BlackFideId "3600017"]
[WhiteElo "2512"]
[BlackElo "2632"]
[Result "1-0"]
[Round "9"]
[TimeControl "180+2"]
[Date "2023.07.04"]
[WhiteClock "0:00:01"]
[BlackClock "0:00:01"]
[Board "77"]

1. e4 e6 2. d4 d5 3. Nd2 Nc6 4. Ngf3 Nf6 5. Bd3 Nb4 6. O-O Nxd3 7. cxd3 Be7 8. Qe2 O-O 9. Rd1 a5 10. Nf1 a4 11. a3 b6 12. Bf4 Ba6 13. Qe3 c5 14. Rac1 Rc8 15. Ng3 Re8 16. dxc5 bxc5 17. d4 Qb6 18. dxc5 Bxc5 19. Qe1 Nxe4 20. Nxe4 dxe4 21. Qxe4 Bxf2+ 22. Kh1 Bb7 23. Qe2 Bxf3 24. Qxf3 Bd4 25. Rxc8 Rxc8 26. h3 g6 27. Qe4 Bg7 28. Qxa4 Qxb2 29. Qd7 Ra8 30. a4 h5 31. Bc7 Be5 32. Rd2 Qa1+ 33. Rd1 Qc3 34. Bxe5 Qxe5 35. Qc6 Qa5 36. Rd7 Qe1+ 37. Kh2 Qe5+ 38. Kh1 Rb8 39. Rd1 Qe2 40. Rc1 Kg7 41. a5 Qe5 42. a6 Rb2 43. a7 Ra2 44. a8=Q Rxa8 45. Qxa8 Qf4 46. Qa1+ e5 47. Rf1 Qg3 48. Rf3 Qg5 49. Rf1 Qg3 50. Re1 f6 51. Rf1 g5 52. Qa7+ Kg6 53. Qb8 g4 54. Qg8+ Kh6 55. Rxf6# 1-0


[Site "https://www.chess.com"]

[Event "Titled Tuesday Blitz July 4 Early 2023"]
[White "Borgaonkar Akshay"]
[Black "Lehtosaari, Mauri"]
[WhiteFideId "25639110"]
[BlackFideId "501999"]
[WhiteElo "2607"]
[BlackElo "2512"]
[Result "0-1"]
[Round "9"]
[TimeControl "180+2"]
[Date "2023.07.04"]
[WhiteClock "0:01:37"]
[BlackClock "0:00:13"]
[Board "78"]

1. d4 d5 2. Bg5 Nd7 3. Nc3 Ngf6 4. f3 c6 5. Qd2 e5 6. dxe5 Nxe5 7. e4 d4 8. O-O-O Ned7 9. Qxd4 Bc5 10. Qd2 Qa5 11. Kb1 O-O 12. Bc4 Bb4 13. Nge2 b5 14. Bb3 Qb6 15. Ng3 a5 16. Nf5 a4 17. Bxf6 Nxf6 18. Qg5 Bxf5 19. e5 axb3 20. exf6 bxc2+ 21. Ka1 cxd1=Q+ 22. Rxd1 Bg6 23. fxg7 Rfe8 24. Ne4 Bxe4 25. fxe4 Qa5 0-1


[Site "https://www.chess.com"]

[Event "Titled Tuesday Blitz July 4 Early 2023"]
[White "Filgueira, Hernan"]
[Black "Kirillov, Dmitry"]
[WhiteFideId "101770"]
[BlackFideId "34180572"]
[WhiteElo "2605"]
[BlackElo "2510"]
[Result "1-0"]
[Round "9"]
[TimeControl "180+2"]
[Date "2023.07.04"]
[WhiteClock "0:01:34"]
[BlackClock "0:01:34"]
[Board "79"]

1. e4 e5 2. Nf3 Nc6 3. Bb5 a6 4. Ba4 Nf6 5. O-O b5 6. Bb3 Bc5 7. d3 d6 8. a4 Rb8 9. axb5 axb5 10. Be3 Bb6 11. Bxb6 Rxb6 12. c3 O-O 13. h3 Be6 14. Nbd2 Bxb3 15. Qxb3 Ne7 16. Ra7 Ng6 17. g3 Qc8 18. Kh2 Ra6 19. Ra1 Rxa1 20. Rxa1 c6 21. Ra7 Nd7 22. d4 h5 23. Qa3 c5 24. Qa6 cxd4 25. Qxc8 Rxc8 26. Rxd7 dxc3 27. bxc3 Rxc3 28. Rxd6 f6 29. Rb6 Rc5 30. Nf1 Ne7 31. Ne3 Nc6 32. Nf5 Rc2 33. Kg2 Kf8 34. Rxb5 1-0


[Site "https://www.chess.com"]

[Event "Titled Tuesday Blitz July 4 Early 2023"]
[White "Guliev, Logman"]
[Black "Sadykov, Ramil"]
[WhiteFideId "13400061"]
[BlackFideId "24113590"]
[WhiteElo "2507"]
[BlackElo "2600"]
[Result "1/2-1/2"]
[Round "9"]
[TimeControl "180+2"]
[Date "2023.07.04"]
[WhiteClock "0:00:04"]
[BlackClock "0:00:04"]
[Board "80"]

1. e4 c5 2. Nf3 Nc6 3. Bb5 g6 4. Bxc6 bxc6 5. d4 cxd4 6. Qxd4 f6 7. Qa4 Nh6 8. O-O Bg7 9. c4 Nf7 10. Nc3 O-O 11. Be3 Qc7 12. Rad1 d6 13. c5 Bg4 14. Bf4 Bxf3 15. gxf3 Qd7 16. Kg2 g5 17. Be3 Ne5 18. cxd6 exd6 19. Bd4 Ng6 20. Qb3+ Kh8 21. Ne2 Nh4+ 22. Kh1 Qh3 23. Rg1 Nxf3 24. Rg2 Qh5 25. Ng3 Qg4 26. Nf5 Qxe4 27. Nxd6 Qe2 28. Be3 Ne1 29. Rg3 h5 30. Nf5 Nf3 31. Qd3 Qxd3 32. Rxd3 Ne5 33. Rd6 Rfd8 34. b3 Rxd6 35. Nxd6 Bf8 36. Nf5 Kg8 37. Rg1 Kf7 38. Rd1 Ke6 39. Nd4+ Kd5 40. Nf5+ Ke4 41. Ng3+ Kf3 42. Nxh5 Ke2 43. Rc1 Ba3 44. Rc2+ Kf3 45. Rc3 Rd8 46. Bb6+ Rd3 47. Rxd3+ Nxd3 48. Nxf6 axb6 49. Kg1 Nxf2 50. Nd7 Ne4 51. Ne5+ Kf4 52. Nxc6 Bc5+ 53. Kg2 g4 54. b4 Be3 55. a4 Nc3 56. a5 bxa5 57. bxa5 Nb5 58. a6 Ke4 59. h3 gxh3+ 60. Kxh3 Kd5 61. a7 Nc7 62. Nb4+ Kd6 63. Na6 Na8 64. Nb4 Bxa7 65. Nd3 Nc7 66. Nf4 Ke5 67. Kg4 Ke4 68. Ng6 Bd4 69. Ne7 Ne6 70. Nc6 Bc3 71. Kg3 Bf6 72. Nb4 Kd4 73. Kf2 Kc4 74. Nc6 Kd5 75. Nb4+ Ke4 76. Ke2 Bc3 77. Nc6 Nf4+ 78. Kf2 Kd5 79. Nd8 Kd6 80. Nf7+ Ke7 81. Ng5 Bd4+ 82. Kf3 Ng6 83. Ne4 Ke6 84. Ke2 Ke5 85. Nd2 Nf4+ 86. Kf3 Kf5 87. Nc4 Ne6 88. Nd6+ Ke5 89. Nc4+ Kd5 90. Ne3+ Ke5 91. Ng4+ Kf5 92. Nh6+ Kg6 93. Ng4 Ng5+ 94. Kf4 Ne6+ 95. Ke4 Bb6 96. Ne5+ Kg7 97. Nd7 Bc7 98. Kd5 Nd8 99. Nc5 Kf7 100. Ke4 Ke7 101. Nd3 Kf6 102. Nc5 Nf7 103. Kd5 Bh2 104. Kc6 Ke5 105. Nd7+ Kd4 106. Nf6 Ng5 107. Nd7 Bg3 108. Nf6 Ke5 109. Nd7+ Kd4 110. Nf6 Nf7 111. Kd7 Ke5 112. Ng4+ Kf5 113. Ne3+ Ke4 114. Nc4 Kd5 1/2-1/2


[Site "https://www.chess.com"]

[Event "Titled Tuesday Blitz July 4 Early 2023"]
[White "Jaskolka, Tomasz"]
[Black "Korkmaz, Necmettin"]
[WhiteFideId "1170791"]
[BlackFideId "6303285"]
[WhiteElo "2598"]
[BlackElo "2508"]
[Result "0-1"]
[Round "9"]
[TimeControl "180+2"]
[Date "2023.07.04"]
[WhiteClock "0:00:05"]
[BlackClock "0:01:46"]
[Board "81"]

1. d4 d5 2. Nc3 Nf6 3. Bf4 a6 4. e3 c5 5. dxc5 Nc6 6. Nf3 e6 7. Na4 Bxc5 8. Nxc5 Qa5+ 9. c3 Qxc5 10. Bd3 O-O 11. O-O Re8 12. Ne5 Nxe5 13. Bxe5 Nd7 14. Bd4 Qd6 15. e4 e5 16. Be3 Nf6 17. exd5 Qxd5 18. Bg5 e4 19. Bxf6 exd3 20. Bd4 Bf5 21. Re1 Qd7 22. Qd2 Bg6 23. f3 h6 24. Kf2 Qb5 25. b3 Qd5 26. Re3 Rxe3 27. Qxe3 Rd8 28. Re1 b5 29. Qe5 Qxe5 30. Rxe5 b4 31. Ke3 bxc3 32. Bxc3 Rc8 33. Kd2 Rc6 34. f4 f6 35. Re3 h5 36. g3 Bf5 37. Re8+ Kf7 38. Rd8 Re6 39. Rd7+ Kg6 40. Rd8 Re2+ 41. Kd1 Rxh2 42. Re8 Bg4+ 43. Kc1 Rc2+ 44. Kb1 Rxc3 45. Rd8 Bf5 0-1


[Site "https://www.chess.com"]

[Event "Titled Tuesday Blitz July 4 Early 2023"]
[White "Postlmayer, Jakob"]
[Black "Piesik, Piotr"]
[WhiteFideId "1643622"]
[BlackFideId "1136194"]
[WhiteElo "2502"]
[BlackElo "2589"]
[Result "0-1"]
[Round "9"]
[TimeControl "180+2"]
[Date "2023.07.04"]
[WhiteClock "0:00:12"]
[BlackClock "0:00:19"]
[Board "82"]

1. e4 g6 2. d4 Bg7 3. c4 d6 4. Nc3 Nd7 5. f4 e5 6. fxe5 dxe5 7. d5 Ngf6 8. Be2 O-O 9. Nf3 Nc5 10. Qc2 a5 11. Be3 Nfd7 12. O-O f5 13. exf5 gxf5 14. Bg5 Qe8 15. Nb5 Na6 16. Rae1 Qg6 17. Qd2 Ndc5 18. Nh4 Qb6 19. Be3 Bd7 20. Kh1 Rae8 21. a3 a4 22. Qc2 e4 23. g3 Rc8 24. Rf2 c6 25. dxc6 bxc6 26. Nd4 Nd3 27. Bxd3 Bxd4 28. Bxd4 Qxd4 29. Bf1 Nc5 30. Rd2 Qe5 31. Ng2 Be6 32. Nf4 Bf7 33. Bh3 Rcd8 34. Red1 Rxd2 35. Qxd2 e3 36. Qd4 Qxd4 37. Rxd4 Rb8 38. Bxf5 Rxb2 39. Kg1 Rd2 40. Rxd2 exd2 41. Bc2 Bxc4 42. Kf2 Bb3 43. Ke3 Bxc2 44. Kxd2 Bb3 45. Ke3 Kf7 46. g4 Ne6 47. Ne2 Nc7 48. h4 Nb5 49. g5 Nxa3 50. Kd2 Nb5 51. Kc1 a3 52. h5 c5 53. Nf4 Nd6 54. g6+ hxg6 55. Nxg6 Nc4 56. Kb1 Kf6 57. Nf4 Ne5 58. h6 Bg8 59. h7 Bxh7+ 60. Ka2 Nc4 61. Ne2 Ke5 62. Kb3 Bd3 63. Nc3 Kd6 64. Na2 Kc6 65. Nc1 Bf1 66. Kc3 Kb5 67. Kb3 Ka5 68. Na2 Nd6 69. Kxa3 Bd3 70. Kb2 Kb5 71. Kc3 Be4 72. Nc1 Kc6 73. Nb3 Kd5 74. Nxc5 Kxc5 75. Kd2 Kd4 76. Ke2 Nf5 77. Kd2 Bf3 78. Kc2 Be4+ 79. Kd2 Bd3 80. Kd1 Ke3 81. Kc1 Nd6 82. Kb2 Nb5 83. Kb3 Kd4 84. Kb2 Kc4 85. Ka2 Kc3 86. Ka1 Nd4 87. Ka2 Nb3 88. Ka3 Bb1 89. Ka4 Nd4 90. Ka3 Nb5+ 91. Ka4 Kc4 92. Ka5 Kc5 93. Ka4 Bc2+ 94. Ka5 Bb3 95. Ka6 Nd6 96. Ka5 Nb7+ 97. Ka6 Kc6 98. Ka7 Kc7 99. Ka6 Bc4+ 100. Ka7 Bb5 101. Ka8 Nd6 102. Ka7 Nc8+ 103. Ka8 Bc6# 0-1


[Site "https://www.chess.com"]

[Event "Titled Tuesday Blitz July 4 Early 2023"]
[White "Pinheiro, Iung Alicio de O."]
[Black "Mica, Marek"]
[WhiteFideId "2104350"]
[BlackFideId "382884"]
[WhiteElo "2586"]
[BlackElo "2490"]
[Result "1-0"]
[Round "9"]
[TimeControl "180+2"]
[Date "2023.07.04"]
[WhiteClock "0:00:22"]
[BlackClock "0:01:49"]
[Board "83"]

1. e4 c6 2. Nc3 d5 3. Nf3 dxe4 4. Nxe4 Nf6 5. Qe2 Nxe4 6. Qxe4 Nd7 7. Bc4 Nf6 8. Ne5 e6 9. Qe2 b5 10. Bb3 Bd6 11. d4 O-O 12. Bg5 Bb7 13. O-O h6 14. Bh4 c5 15. dxc5 Bxc5 16. Rad1 Qc7 17. Bxf6 gxf6 18. Nd7 Rfd8 19. Bxe6 fxe6 20. Qxe6+ Kh8 21. Qxf6+ Kg8 22. Qg6+ Kh8 23. Qxh6+ Kg8 24. Qg5+ Kh8 25. Nxc5 Bxg2 26. Qh5+ Kg8 27. Kxg2 Qc6+ 28. f3 Rf8 29. Kh1 Rf7 30. Rg1+ Kf8 31. Qh8+ Ke7 32. Qe5+ Kf8 33. Ne6+ Ke7 34. Nd4+ Kf8 35. Nxc6 Re8 36. Qh8# 1-0


[Site "https://www.chess.com"]

[Event "Titled Tuesday Blitz July 4 Early 2023"]
[White "Yeritsyan, Hayk"]
[Black "Vovk, Orest"]
[WhiteFideId "13307320"]
[BlackFideId "14113490"]
[WhiteElo "2488"]
[BlackElo "2583"]
[Result "0-1"]
[Round "9"]
[TimeControl "180+2"]
[Date "2023.07.04"]
[WhiteClock "0:00:11"]
[BlackClock "0:00:09"]
[Board "84"]

1. d4 h6 2. Nf3 g5 3. c4 Bg7 4. Nc3 c5 5. g3 Nc6 6. d5 Nd4 7. Bg2 Nxf3+ 8. Bxf3 Bxc3+ 9. bxc3 d6 10. O-O Bh3 11. Re1 Qa5 12. Qb3 O-O-O 13. Rb1 b6 14. e4 f6 15. Be3 h5 16. Bg2 Bxg2 17. Kxg2 Nh6 18. f3 Nf7 19. f4 gxf4 20. gxf4 Rhg8+ 21. Kh1 Rg4 22. Rg1 Rdg8 23. Rxg4 hxg4 24. Kg2 f5 25. exf5 Nh6 26. Qc2 Rf8 27. Bf2 Nxf5 28. Re1 Kd8 29. Re6 Qa6 30. Qb3 Rf6 31. Qc2 Qxc4 32. Qb3 Qxb3 33. axb3 Rxe6 34. dxe6 a6 35. Kf1 b5 36. Ke2 Kc7 37. Kd3 Ng7 38. Ke4 Nxe6 39. Kf5 Kd7 40. Kxg4 a5 41. f5 Nf8 42. Kg5 a4 43. bxa4 bxa4 44. c4 a3 45. Be1 a2 46. Bc3 Ke8 47. f6 e5 48. Kf5 Kf7 49. h4 Nh7 50. h5 Nxf6 51. h6 Nh7 52. Bb2 Nf8 53. Bc3 Ng6 54. h7 Kg7 55. Ke6 Kxh7 56. Kxd6 e4 57. Kxc5 e3 58. Kb4 e2 59. Kb3 a1=Q 60. Bxa1 e1=Q 61. Bc3 Qe6 62. Kb4 Qc6 63. Bd4 Ne7 64. c5 Nc8 65. Kc4 Kg6 66. Bc3 Kf5 67. Bb4 Ke4 68. Bc3 Na7 0-1


[Site "https://www.chess.com"]

[Event "Titled Tuesday Blitz July 4 Early 2023"]
[White "Reprintsev, Alexander"]
[Black "Kashlinskaya, Alina"]
[WhiteFideId "14100541"]
[BlackFideId "4198026"]
[WhiteElo "2482"]
[BlackElo "2582"]
[Result "1-0"]
[Round "9"]
[TimeControl "180+2"]
[Date "2023.07.04"]
[WhiteClock "0:01:29"]
[BlackClock "0:01:12"]
[Board "85"]

1. e4 c6 2. Nf3 d5 3. Nc3 Bg4 4. h3 Bxf3 5. Qxf3 e6 6. b3 Nf6 7. e5 Nfd7 8. Qg3 h5 9. h4 g6 10. Bb2 Bg7 11. f4 a6 12. O-O-O c5 13. d4 Nc6 14. dxc5 Nxc5 15. Qf2 b6 16. Be2 O-O 17. g4 hxg4 18. h5 gxh5 19. Rxh5 Ne7 20. Rdh1 Ng6 21. Bxg4 d4 22. Qh2 dxc3 23. Rh8+ 1-0


[Site "https://www.chess.com"]

[Event "Titled Tuesday Blitz July 4 Early 2023"]
[White "Janaszak, Dawid"]
[Black "Eynullayev, Atilla"]
[WhiteFideId "1119206"]
[BlackFideId "13413570"]
[WhiteElo "2582"]
[BlackElo "2484"]
[Result "1-0"]
[Round "9"]
[TimeControl "180+2"]
[Date "2023.07.04"]
[WhiteClock "0:01:45"]
[BlackClock "0:00:04"]
[Board "86"]

1. e4 c5 2. Nc3 e6 3. Nge2 d5 4. exd5 exd5 5. d4 Nc6 6. g3 Nf6 7. Bg2 cxd4 8. Nxd4 Bc5 9. Nb3 Bb6 10. Nxd5 Nxd5 11. Qxd5 Qxd5 12. Bxd5 Bh3 13. Bxc6+ bxc6 14. Be3 Bxe3 15. fxe3 O-O-O 16. Rd1 Rde8 17. Rd3 Re5 18. Kd2 Rhe8 19. Re1 Kc7 20. Nd4 a6 21. Rc3 c5 22. b4 Kd6 23. bxc5+ Rxc5 24. Rxc5 Kxc5 25. Rb1 Bg2 26. Rb3 Be4 27. Rc3+ Kd6 28. Ra3 Ra8 29. c4 Kc5 30. Kc3 a5 31. Ra4 g6 32. Nb3+ Kc6 33. Rxa5 Rd8 34. Nd4+ Kb6 35. Rb5+ Ka6 36. Re5 f5 37. Re7 Rb8 38. Nb3 Rd8 39. Nc5+ 1-0


[Site "https://www.chess.com"]